 Dungeon Crawl Stone Soup version 0.21.1-1-g345015f (webtiles) character file.

210 teukkam the Ruffian (level 5, -6/54 HPs)
             Began as a Troll Monk on June 14, 2018.
             Mangled by a wight
             ... wielding a +3 great sword of freezing
              (13 damage)
             ... on level 4 of the Dungeon.
             The game lasted 00:04:18 (744 turns).

teukkam the Ruffian (Troll Monk)                     Turns: 744, Time: 00:04:19

Health: -6/54      AC:  5    Str: 20    XL:     5   Next: 57%
Magic:  4/4        EV:  5    Int: 11    God:
Gold:   86         SH: 11    Dex: 12    Spells: 4/4 levels left

rFire    . . .     SeeInvis .     - Unarmed
rCold    . . .     Gourm    +   e - +0 large shield
rNeg     . . .     Faith    .   a - +0 robe
rPois    .         Spirit   .   (helmet restricted)
rElec    .         Reflect  .   (no cloak)
rCorr    .         Harm     .   (gloves unavailable)
MR       .....                  (boots unavailable)
Stlth    +.........             (no amulet)
HPRegen  0.58/turn              (no ring)
MPRegen  0.09/turn              (no ring)

@: brilliant, drained
A: large, unfitting armour, claws 3, fast metabolism 3, gourmand, regeneration
1, shaggy fur 1, tough skin 2
a: no special abilities


You were on level 4 of the Dungeon.
You were very full.

You visited 1 branch of the dungeon, and saw 4 of its levels.

You collected 86 gold pieces.

Inventory:

Hand Weapons
 i - a +0 blowgun
Missiles
 c - 23 poisoned needles
 d - 8 steel tomahawks (quivered)
 l - 3 tomahawks
Armour
 a - a +0 robe (worn)
 e - a +0 large shield (worn)
Wands
 j - a wand of random effects (19)
Scrolls
 g - a scroll of fear {unknown}
 h - a scroll of enchant weapon
Potions
 m - a potion of curing {unknown}
Comestibles
 b - 2 rations


   Skills:
 + Level 4.1(3.4) Fighting
 - Level 2.4(1.7) Dodging
 - Level 1.0(0.4) Stealth
 + Level 4.9(4.2) Unarmed Combat


You had 4 spell levels left.
You didn't know any spells.

Dungeon Overview and Level Annotations

Branches:
Dungeon (4/15)
 Temple: D:4-7

Altars:
Nemelex Xobeh
Trog


Innate Abilities, Weirdness & Mutations

You are too large for most types of armour.
You have claws for hands.
Your metabolism is lightning-fast.
You like to eat raw meat.
Your natural rate of healing is unusually fast.
You are covered in fur. (AC +1)
You have very tough skin. (AC +2)


Message History

Unknown command.
Your shield prevents you from hitting the wight.
The wight is almost destroyed.
The wight barely misses you.
You scratch the wight.
You destroy the wight!
Your base Fighting skill increases to level 4!
You closely miss the wight.
The wight hits you with a great sword of freezing.
You feel drained. The wight freezes you.
You scratch the wight.
The wight is moderately damaged.
The wight hits you with a great sword of freezing!
* * * LOW HITPOINT WARNING * * *
The wight freezes you.
* * * LOW HITPOINT WARNING * * *
It was a potion of brilliance.
You feel clever all of a sudden.
The wight hits you with a great sword of freezing!
You die...

#......+ #......# #......#
#......# #..#####
######..##.# #..........#
+..........# .. ###
##..######@# #.# .#
...###..## ##z###.####.#
.........# +............
.........# #...?z........
...##...##########.z.##..# ..
#...##..##..##...##..# .
#.................#..+
###+###...........##'####..#
#....##)..##..##..##...##..##


You could see a wight.

Vanquished Creatures
  3 wights (D:4)
  A hound skeleton (D:4)
  3 gnolls
  An adder (D:3)
  2 leopard geckos
  An orc (D:3)
  A ball python (D:3)
  A giant cockroach (D:3)
  5 hobgoblins
  8 jackals
  3 kobolds
  A bat (D:3)
  A frilled lizard (D:1)
  A rat (D:3)
32 creatures vanquished.

Notes
Turn   | Place    | Note
-------+----------+-------------------------------------------
     0 | D:1      | teukkam the Troll Monk began the quest for the Orb.
     0 | D:1      | Reached XP level 1. HP: 22/22 MP: 0/0
    75 | D:2      | Reached XP level 2. HP: 27/29 MP: 1/1
   127 | D:3      | Found a bloodstained altar of Trog.
   247 | D:4      | Reached XP level 3. HP: 31/37 MP: 2/2
   306 | D:4      | Found a sparkling altar of Nemelex Xobeh.
   495 | D:3      | Reached XP level 4. HP: 20/45 MP: 3/3
   736 | D:4      | Reached XP level 5. HP: 40/54 MP: 4/4
   744 | D:4      | Mangled by a wight

Skill      XL: |  1  2  3  4  5 |
---------------+----------------+-----
Fighting       | 3 4 |  4.1
Unarmed Combat | 4 |  4.9
Dodging        | |  2.4
Stealth        | |  1.0

Action                   |  1- 3 |  4- 6 || total
-------------------------+-------+-------++-------
Melee: Unarmed           |    76 |    31 ||   107
Throw: Tomahawk          |     1 |       ||     1
  Use: Scroll            |     1 |       ||     1
       Potion            |       |     1 ||     1
 Stab: Distracted        |       |     1 ||     1
  Eat: Chunk             |    10 |     2 ||    12
Armor: Robe              |    39 |     4 ||    43
Dodge: Dodged            |    22 |     5 ||    27
Block: Large shield      |    44 |     9 ||    53
